[Event "Titled Tuesday Blitz January 10 Late 2023"]
[White "Carnicelli, Valerio"]
[Black "Itkis, Boris"]
[WhiteFideId "856185"]
[BlackFideId "1209167"]
[WhiteElo "2370"]
[BlackElo "2329"]
[Result "1-0"]
[Round "01"]
[TimeControl "180+2"]
[Date "2023.01.10"]
[WhiteClock "0:00:57"]
[BlackClock "0:00:16"]

1. b3 Nf6 2. Bb2 g6 3. Bxf6 exf6 4. c4 f5 5. Nc3 Ba3 6. g3 O-O 7. Bg2 Nc6 8. e3 b6 9. Nge2 Bb7 10. h4 Qc8 11. h5 Ne5 12. Nd5 Nd3+ 13. Kf1 Bxd5 14. Bxd5 c6 15. Bg2 Be7 16. Nf4 Nxf4 17. gxf4 Qa6 18. Qf3 Bf6 19. Qh3 Bxa1 20. hxg6 Kg7 21. Qxh7+ Kf6 22. g7 Rg8 23. Bh3 Rxg7 24. Qxf5+ Ke7 25. Qxd7+ Kf8 26. Bf5 Qxa2 27. Rh8+ Rg8 28. Qd6+ 1-0


[Site "https://www.chess.com"]

[Event "Titled Tuesday Blitz January 10 Late 2023"]
[White "Ward, Ieuan C"]
[Black "Solon, Nathan"]
[WhiteFideId "406627"]
[BlackFideId "2017229"]
[WhiteElo "2028"]
[BlackElo "2306"]
[Result "0-1"]
[Round "01"]
[TimeControl "180+2"]
[Date "2023.01.10"]
[WhiteClock "0:00:20"]
[BlackClock "0:01:24"]

1. d4 Nf6 2. Nf3 c5 3. d5 b5 4. a4 b4 5. c4 d6 6. b3 g6 7. Bb2 Bg7 8. g3 O-O 9. Nbd2 e5 10. dxe6 fxe6 11. Bg2 Bb7 12. Qc2 Nc6 13. O-O Qe7 14. e4 e5 15. h3 Rae8 16. Rfe1 Kh8 17. Nf1 Nd4 18. Qd3 Nd7 19. N3h2 Qf7 20. f3 Nf6 21. Bxd4 exd4 22. Ra2 Nh5 23. f4 g5 24. fxg5 Be5 25. Ng4 Qg7 26. Nh6 Qxg5 27. Nf5 Rg8 28. g4 Nf4 29. Qf3 h5 30. N1e3 dxe3 0-1


[Site "https://www.chess.com"]

[Event "Titled Tuesday Blitz January 10 Late 2023"]
[White "Haydon, David L"]
[Black "Guimaraes, Wagner Peixoto"]
[WhiteFideId "415405"]
[BlackFideId "2100940"]
[WhiteElo "2253"]
[BlackElo "2194"]
[Result "1-0"]
[Round "01"]
[TimeControl "180+2"]
[Date "2023.01.10"]
[WhiteClock "0:01:08"]
[BlackClock "0:00:19"]

1. e4 c5 2. Nf3 Nc6 3. d4 cxd4 4. Nxd4 e5 5. Nb5 d6 6. N1c3 a6 7. Na3 b5 8. Nd5 Nf6 9. Bg5 Qa5+ 10. Bd2 Qd8 11. Nxf6+ Qxf6 12. c4 Qg6 13. f3 Nd4 14. cxb5 Be7 15. Bc3 O-O 16. Nc2 Nxb5 17. Ne3 Nxc3 18. bxc3 Be6 19. Qd2 Bg5 20. h4 Bf4 21. g4 Bg3+ 22. Ke2 Bf4 23. Kf2 Rab8 24. Bxa6 Rb6 25. Bd3 Rfb8 26. Rab1 Qf6 27. Rxb6 Rxb6 28. Qe2 h6 29. Nd5 Bxd5 30. exd5 Qd8 31. Bb5 Qc7 32. c4 Qc5+ 33. Kg2 g6 34. a4 Rb8 35. a5 Qa3 36. a6 Qa5 37. h5 g5 38. Rb1 Kg7 39. Qf2 Rb6 40. Rb2 Qc3 41. a7 Be3 42. a8=Q Bxf2 43. Rxf2 e4 44. Qe8 e3 45. Re2 1-0


[Site "https://www.chess.com"]

[Event "Titled Tuesday Blitz January 10 Late 2023"]
[White "Vaglio Munoz, Jaime"]
[Black "Vlassov, Nikolai"]
[WhiteFideId "6500145"]
[BlackFideId "4103360"]
[WhiteElo "2174"]
[BlackElo "2283"]
[Result "0-1"]
[Round "01"]
[TimeControl "180+2"]
[Date "2023.01.10"]
[WhiteClock "0:01:22"]
[BlackClock "0:00:40"]

1. d4 Nf6 2. c4 Nc6 3. d5 Ne5 4. g3 Nxc4 5. Bg2 e6 6. Nc3 exd5 7. Nf3 Bb4 8. O-O Bxc3 9. bxc3 c6 10. Nd4 O-O 11. Re1 d6 12. Bg5 h6 13. Bxf6 Qxf6 14. e4 dxe4 15. Bxe4 d5 16. Bg2 Bd7 17. Rb1 b6 18. a4 Rfe8 19. Rf1 Re7 20. h4 Rae8 21. Kh2 Ne5 22. f3 c5 23. Nb5 Nc4 24. Nc7 Ne3 25. Nxd5 Nxd5 26. Qxd5 Qxc3 27. a5 Be6 28. Qd6 Qxa5 29. f4 Rd7 30. Qc6 Red8 31. Ra1 Qc3 32. Rfc1 Qb2 33. Rab1 Qf6 34. Ra1 Rd2 35. Rxa7 Qb2 36. Rg1 Bd5 37. Qc7 Rxg2+ 38. Kh3 Be6+ 39. f5 Bxf5+ 40. g4 Rd3+ 0-1


[Site "https://www.chess.com"]

[Event "Titled Tuesday Blitz January 10 Late 2023"]
[White "Barria Zuniga, Daniel"]
[Black "Lopez Del Alamo, Antonio"]
[WhiteFideId "3400816"]
[BlackFideId "2227339"]
[WhiteElo "2341"]
[BlackElo "2280"]
[Result "1-0"]
[Round "01"]
[TimeControl "180+2"]
[Date "2023.01.10"]
[WhiteClock "0:01:01"]
[BlackClock "0:00:32"]

1. d4 Nf6 2. c4 e6 3. Nf3 d5 4. Nc3 c6 5. Bg5 Nbd7 6. e3 Qa5 7. Nd2 Bb4 8. Qc2 O-O 9. Rc1 Bxc3 10. bxc3 Re8 11. Be2 e5 12. O-O e4 13. Bf4 b5 14. cxb5 cxb5 15. a4 bxa4 16. Ra1 Nb6 17. c4 Ba6 18. Rfb1 Rec8 19. Bd6 Bxc4 20. Nxc4 Nxc4 21. Bc5 Nb6 22. Rb5 Qa6 23. Rxb6 axb6 24. Bxa6 Rxa6 25. Rxa4 Rxa4 26. Qxa4 bxc5 27. dxc5 h5 28. c6 Kf8 29. h3 Ke7 30. Qa7+ Ke6 31. Qb7 1-0


[Site "https://www.chess.com"]

[Event "Titled Tuesday Blitz January 10 Late 2023"]
[White "Colivet Gamboa, Julio Cesar"]
[Black "Postnikov, Daniil"]
[WhiteFideId "3949583"]
[BlackFideId "4166329"]
[WhiteElo "1844"]
[BlackElo "2360"]
[Result "0-1"]
[Round "01"]
[TimeControl "180+2"]
[Date "2023.01.10"]
[WhiteClock "0:01:04"]
[BlackClock "0:00:10"]

1. c4 f5 2. Nc3 Nf6 3. g3 g6 4. Bg2 Bg7 5. e3 O-O 6. Nge2 e5 7. O-O Nc6 8. d3 d6 9. b3 g5 10. Bb2 Qe8 11. Rc1 Qh5 12. Nd5 Rf7 13. Nxf6+ Rxf6 14. Nc3 Qf7 15. Nd5 Rh6 16. f4 g4 17. Rf2 Be6 18. Bh1 Rg6 19. Qe2 h5 20. Rb1 h4 21. e4 Rh6 22. exf5 Bxf5 23. fxe5 hxg3 24. hxg3 Qh5 25. Rh2 Qxh2+ 26. Qxh2 Rxh2 27. Kxh2 Nxe5 28. Be4 Bxe4 29. dxe4 Nf3+ 30. Kg2 Bxb2 31. Rxb2 Kf7 32. Nxc7 Rh8 33. Rf2 Rh2+ 34. Kf1 Rh1+ 35. Ke2 Ra1 36. Ke3 Kg6 37. Kf4 Ne5 38. Nd5 Nd3+ 39. Ke3 Nxf2 40. Kxf2 Rxa2+ 41. Ke3 Kg5 42. Nf4 Rb2 43. Ne6+ Kf6 44. Nd4 Ke5 45. Kd3 Rg2 46. Ne2 Rxe2 47. Kxe2 Kxe4 48. Kd2 d5 49. c5 Kd4 50. b4 Kc4 51. Kc2 Kxb4 52. Kd3 Kxc5 0-1


[Site "https://www.chess.com"]

[Event "Titled Tuesday Blitz January 10 Late 2023"]
[White "Kim, Yoon-Young"]
[Black "rikchessmx"]
[WhiteFideId "30908779"]
[WhiteElo "2304"]
[BlackElo "2330"]
[Result "1/2-1/2"]
[Round "01"]
[TimeControl "180+2"]
[Date "2023.01.10"]
[WhiteClock "0:00:22"]
[BlackClock "0:00:39"]

1. d4 d5 2. c4 e6 3. Nf3 c6 4. Nbd2 Nf6 5. g3 Nbd7 6. Bg2 Bd6 7. O-O O-O 8. Qc2 e5 9. cxd5 Nxd5 10. Nc4 Nb4 11. Qb3 Be7 12. dxe5 a5 13. Rd1 Qc7 14. Bf4 Nc5 15. Qe3 Ne6 16. Nb6 Ra6 17. Nxc8 Rxc8 18. Qc1 Nd5 19. Bd2 Raa8 20. a3 a4 21. e4 Nb6 22. Be3 Nd7 23. Qc3 Bc5 24. Rxd7 Qxd7 25. Bxc5 Nxc5 26. Qxc5 Qd3 27. e6 fxe6 28. Ne5 Qb3 29. Qe7 Rf8 30. Qb4 Qc2 31. Nf3 b5 32. Qc3 Qxc3 33. bxc3 Rac8 34. Rb1 Rfd8 35. Nd4 e5 36. Nf5 Rc7 37. Bf1 Rd2 38. c4 Ra2 39. cxb5 cxb5 40. Rxb5 Rxa3 41. Rxe5 Ra1 42. Kg2 g6 43. Ne3 a3 44. Bc4+ Kg7 45. Ra5 h5 46. h4 Rc1 47. Rxa3 R1xc4 48. Nxc4 Rxc4 49. Kf3 Kf6 50. Kf4 Rc2 51. f3 Rf2 52. Ra6+ Kg7 53. Kg5 Rxf3 54. Rxg6+ Kf7 55. Kxh5 Re3 56. Rg4 Kf6 57. Rf4+ Ke5 58. Kg4 Ra3 59. h5 Ra6 60. Kg5 Ra3 61. g4 Ra8 62. Rf5+ Kxe4 63. Rf6 Rg8+ 64. Rg6 Re8 65. h6 Re5+ 66. Kh4 Kf4 67. h7 Re1 68. Rf6+ Ke5 69. h8=Q Rh1+ 70. Kg5 Rxh8 71. Rf2 Rg8+ 72. Kh5 Rh8+ 73. Kg5 Rg8+ 74. Kh4 Rh8+ 75. Kg3 Rg8 76. Rf1 Ke4 77. Rf7 Ke5 78. Kh4 Rh8+ 79. Kg5 Rg8+ 80. Kh5 Rh8+ 81. Kg6 Rg8+ 82. Kh5 Rh8+ 83. Kg5 Rg8+ 84. Kh4 Rh8+ 85. Kg3 Rg8 86. Rf5+ Ke6 87. Kf4 Ra8 88. Rb5 Rf8+ 89. Kg3 Rg8 90. g5 Kf7 91. Kg4 Kg6 92. Rb6+ Kg7 93. Kf5 Rf8+ 94. Kg4 Rf1 95. Rb7+ Kg6 96. Rb6+ Kg7 97. Rb4 Kg6 98. Rb6+ Kg7 1/2-1/2


[Site "https://www.chess.com"]

[Event "Titled Tuesday Blitz January 10 Late 2023"]
[White "Jenkins, Drake"]
[Black "Rostomyan, Mikayel"]
[WhiteFideId "2022397"]
[BlackFideId "13313754"]
[WhiteElo "2130"]
[BlackElo "2222"]
[Result "0-1"]
[Round "01"]
[TimeControl "180+2"]
[Date "2023.01.10"]
[WhiteClock "0:00:07"]
[BlackClock "0:00:19"]

1. Nf3 d5 2. g3 Nc6 3. d4 Bf5 4. Bg2 Qd7 5. c4 dxc4 6. Na3 e6 7. Nxc4 O-O-O 8. e3 f6 9. O-O g5 10. Qb3 h5 11. Bd2 h4 12. Rfc1 hxg3 13. fxg3 Nge7 14. Na5 Nxa5 15. Bxa5 Nc6 16. Rxc6 Qxc6 17. Nxg5 Qxg2+ 18. Kxg2 fxg5 19. Kg1 Bd6 20. e4 Bh3 21. e5 Be7 22. Rc1 b6 23. Bc3 Rhf8 24. Qa4 Kb8 0-1


[Site "https://www.chess.com"]

[Event "Titled Tuesday Blitz January 10 Late 2023"]
[White "Hsu, Li Yang"]
[Black "Corredor Castellanos, Camilo"]
[WhiteFideId "5800080"]
[BlackFideId "4425871"]
[WhiteElo "2427"]
[BlackElo "1957"]
[Result "1-0"]
[Round "01"]
[TimeControl "180+2"]
[Date "2023.01.10"]
[WhiteClock "0:00:19"]
[BlackClock "0:00:14"]

1. Nf3 c5 2. g3 g6 3. Bg2 Bg7 4. O-O Nc6 5. d3 d5 6. Nbd2 Nf6 7. e4 e5 8. c3 O-O 9. Re1 d4 10. c4 Nd7 11. a3 Qe7 12. Rf1 f5 13. exf5 gxf5 14. Re1 Qd6 15. b4 cxb4 16. axb4 Qxb4 17. Ba3 Qc3 18. Bxf8 Nxf8 19. Qb3 Qxb3 20. Nxb3 h6 21. Na5 Nb4 22. Rad1 Nd7 23. Re2 b6 24. Nh4 Rb8 25. Nb3 Nc5 26. Nxc5 bxc5 27. Bh3 e4 28. dxe4 d3 29. Re3 Bd4 30. Ree1 Nc2 31. Bxf5 Nxe1 32. Rxe1 Bxf5 33. Nxf5 Bc3 34. Rd1 d2 35. Ne7+ Kf7 36. Nd5 Ba5 37. Kf1 Re8 38. f3 Rb8 39. Ke2 Rb3 40. Ra1 Bc3 41. Rxa7+ Ke6 42. Nxc3 Rxc3 43. Kxd2 Rxf3 44. Ra6+ Ke5 45. Rxh6 Kxe4 46. Rh4+ Ke5 47. Ke2 Rc3 48. Kf2 Rc2+ 49. Kg1 Rd2 50. Rf4 Rc2 51. h4 Rc3 52. Kg2 Rc2+ 53. Kh3 Rc1 54. Kg4 Rh1 55. h5 Rh3 56. Kxh3 1-0


[Site "https://www.chess.com"]

[Event "Titled Tuesday Blitz January 10 Late 2023"]
[White "Rodriguez Santiago, Jaime"]
[Black "Thomforde-Toates, Noah"]
[WhiteFideId "3100898"]
[BlackFideId "30951992"]
[WhiteElo "2026"]
[BlackElo "2124"]
[Result "0-1"]
[Round "01"]
[TimeControl "180+2"]
[Date "2023.01.10"]
[WhiteClock "0:00:13"]
[BlackClock "0:00:17"]

1. c4 Nf6 2. Nc3 d6 3. g3 g6 4. Bg2 Bg7 5. e4 O-O 6. d3 c5 7. Nge2 Nc6 8. O-O Bd7 9. h3 Ne8 10. Be3 Nc7 11. d4 cxd4 12. Nxd4 Ne6 13. Nde2 Rc8 14. Rc1 Qa5 15. Qd2 Nc5 16. Bh6 Ne5 17. Bxg7 Kxg7 18. b3 Bxh3 19. f4 Bxg2 20. Kxg2 Ng4 21. f5 Nd7 22. Qg5 Ndf6 23. Nd5 h6 24. Qf4 g5 25. Qf3 Nxd5 26. exd5 Ne5 27. f6+ exf6 28. Qxf6+ Kh7 29. Ng1 Qd2+ 30. Kh1 g4 31. Qf5+ Ng6 32. Rc2 Qg5 33. Qf2 f5 34. Qd4 f4 35. Rh2 fxg3 36. Rxf8 Rxf8 37. Re2 Qh4+ 0-1


[Site "https://www.chess.com"]

[Event "Titled Tuesday Blitz January 10 Late 2023"]
[White "Tologon tegin, Semetei"]
[Black "Pinero Rodriguez, Carlos Jose"]
[WhiteFideId "13800574"]
[BlackFideId "3901726"]
[WhiteElo "2372"]
[BlackElo "2246"]
[Result "1-0"]
[Round "01"]
[TimeControl "180+2"]
[Date "2023.01.10"]
[WhiteClock "0:00:25"]
[BlackClock "0:00:05"]

1. Nf3 d5 2. g3 e6 3. Bg2 Nf6 4. O-O b6 5. b3 Bb7 6. Bb2 Be7 7. c4 dxc4 8. bxc4 O-O 9. d3 c5 10. Nc3 Nbd7 11. e3 Ng4 12. h3 Nge5 13. Nxe5 Bxg2 14. Nxf7 Rxf7 15. Kxg2 Ne5 16. Nd5 exd5 17. Bxe5 dxc4 18. dxc4 Bf6 19. Bxf6 Qxf6 20. Qg4 Raf8 21. Rae1 Qb2 22. Re2 Qe5 23. Rd1 h5 24. Qh4 Qf5 25. Rdd2 Qf3+ 26. Kg1 Qf5 27. Rd5 Qb1+ 28. Kg2 g6 29. Rd8 Rxd8 30. Qxd8+ Kg7 31. Qd5 Qf5 32. Rd2 Qxd5+ 33. Rxd5 Rc7 34. f4 Kf6 35. e4 Ke6 36. Kf3 a6 37. a4 Rc8 38. e5 Rc7 39. Rd6+ Ke7 40. Rxb6 Ra7 41. Rxg6 Kf7 42. Rc6 Kf8 43. Rxc5 a5 44. g4 Kf7 45. gxh5 Ke7 46. Ke4 Rb7 47. Rb5 Rc7 48. c5 Ra7 49. f5 Kd8 50. h6 Kc8 51. e6 Rh7 52. f6 1-0


[Site "https://www.chess.com"]

[Event "Titled Tuesday Blitz January 10 Late 2023"]
[White "Muhammad, Shahzeb"]
[Black "Hamley, Ryan"]
[WhiteFideId "7804806"]
[BlackFideId "30959497"]
[WhiteElo "1853"]
[BlackElo "2092"]
[Result "0-1"]
[Round "01"]
[TimeControl "180+2"]
[Date "2023.01.10"]
[WhiteClock "0:00:07"]
[BlackClock "0:00:19"]

1. e4 d6 2. d4 Nf6 3. Nc3 c6 4. Bg5 Nbd7 5. Qd2 e5 6. Nge2 Be7 7. g3 b5 8. a3 Qc7 9. Bg2 O-O 10. O-O a5 11. Rad1 b4 12. Nb1 c5 13. d5 Ba6 14. h3 Nxe4 15. Bxe4 Bxg5 16. f4 exf4 17. gxf4 Bh6 18. Ng3 Nf6 19. Bd3 c4 20. Be2 g6 21. axb4 Qb6+ 22. Qd4 Qxd4+ 23. Rxd4 axb4 24. Bxc4 Bxc4 25. Rxc4 Nxd5 26. Rd4 Ra5 27. c4 bxc3 28. Nxc3 Nxc3 29. bxc3 Bg7 30. Rxd6 Bxc3 31. f5 Be5 32. Rd3 g5 33. f6 h6 34. Rf5 Kh7 35. Re3 Bd4 36. Rxa5 Bxe3+ 37. Kg2 Kg6 38. Ra6 Bd4 39. Ne4 Re8 40. Kf3 Re5 41. Rd6 Rf5+ 42. Kg2 Be5 43. Rc6 Bf4 44. h4 g4 45. Rc8 Re5 46. Rg8+ Kf5 47. Nd6+ Ke6 48. Ne8 h5 49. Rf8 Bh6 50. Rh8 Bf4 51. Ng7+ Kxf6 52. Nxh5+ Kf5 53. Nxf4 Kxf4 54. Rg8 Rh5 55. Rg7 f5 56. Rc7 Rxh4 57. Rc4+ Kg5 58. Kg3 Rh8 59. Rc6 Rh3+ 60. Kg2 Ra3 61. Rc7 f4 62. Rc5+ Kh4 63. Rf5 Ra2+ 64. Kf1 f3 65. Rf4 Kg3 66. Re4 Ra1+ 67. Re1 Rxe1+ 68. Kxe1 Kg2 0-1


[Site "https://www.chess.com"]

[Event "Titled Tuesday Blitz January 10 Late 2023"]
[White "Rastbod, Ali"]
[Black "Guzman Moneo, Alberto"]
[WhiteFideId "12567477"]
[BlackFideId "2209616"]
[WhiteElo "2318"]
[BlackElo "2170"]
[Result "1-0"]
[Round "01"]
[TimeControl "180+2"]
[Date "2023.01.10"]
[WhiteClock "0:00:02"]
[BlackClock "0:00:14"]

1. e4 c5 2. Nf3 Nc6 3. Bb5 g6 4. Bxc6 dxc6 5. d3 Qc7 6. Be3 b6 7. Nc3 Nf6 8. h3 Nh5 9. Qd2 e5 10. g4 Ng7 11. Ne2 f5 12. gxf5 gxf5 13. Bh6 f4 14. Qc3 Bd6 15. Rg1 Ne6 16. O-O-O Nd4 17. Nexd4 cxd4 18. Qb3 Qf7 19. Qxf7+ Kxf7 20. Rg7+ Kf6 21. h4 Be6 22. Rdg1 Rhg8 23. Kb1 Rxg7 24. Bxg7+ Kf7 25. Bh6 Rg8 26. Rg5 Rg6 27. Rxg6 Kxg6 28. Bg5 Bg4 29. Nh2 Be2 30. Bd8 Kh5 31. f3 h6 32. Kc1 c5 33. Kd2 Bxf3 34. Nxf3 Kg4 35. Ke2 h5 36. Kf2 b5 37. Kg2 c4 38. Nh2# 1-0


[Site "https://www.chess.com"]

[Event "Titled Tuesday Blitz January 10 Late 2023"]
[White "La Villa Rivas, Marlon Javier"]
[Black "Tica, Sven"]
[WhiteFideId "3519546"]
[BlackFideId "14526948"]
[WhiteElo "2246"]
[BlackElo "2431"]
[Result "0-1"]
[Round "01"]
[TimeControl "180+2"]
[Date "2023.01.10"]
[WhiteClock "0:00:55"]
[BlackClock "0:01:49"]

1. e4 g6 2. d4 Bg7 3. Nc3 a6 4. a4 d6 5. f4 Nd7 6. Nf3 b6 7. Bd3 Bb7 8. O-O e6 9. f5 exf5 10. exf5 Ngf6 11. Bg5 O-O 12. Qd2 c5 13. d5 Qc7 14. Bc4 Rae8 15. Bh6 Ne5 16. Nxe5 Rxe5 17. Qg5 Qd7 18. Rae1 Rfe8 19. Rxe5 Rxe5 20. g4 Qe7 21. Qh4 Bxh6 22. Qxh6 Nxg4 23. Qf4 Ne3 24. f6 Qd8 25. Rf3 Nf5 26. Ne4 b5 27. axb5 axb5 28. Bxb5 Bxd5 29. Ng3 Bxf3 30. Qxf3 Qxf6 31. Qa8+ Kg7 32. Qg2 Nxg3 33. Qxg3 Rg5 0-1


[Site "https://www.chess.com"]

[Event "Titled Tuesday Blitz January 10 Late 2023"]
[White "Zheng, Richard"]
[Black "Wang, Alexander J"]
[WhiteFideId "2624893"]
[BlackFideId "30955270"]
[WhiteElo "2121"]
[BlackElo "1815"]
[Result "1-0"]
[Round "01"]
[TimeControl "180+2"]
[Date "2023.01.10"]
[WhiteClock "0:01:09"]
[BlackClock "0:00:16"]

1. d4 d5 2. c4 e6 3. Nc3 c5 4. cxd5 exd5 5. Nf3 Nc6 6. e3 Nf6 7. Bd3 c4 8. Bb1 Bg4 9. h3 Be6 10. O-O a6 11. a4 Rb8 12. Ne5 Qc7 13. Nxc6 bxc6 14. e4 Be7 15. e5 Nd7 16. f4 f5 17. g4 g6 18. gxf5 gxf5 19. Qh5+ Bf7 20. Qxf5 Nf8 21. Qc2 Ne6 22. Be3 Rg8+ 23. Kh2 h5 24. f5 Ng5 25. f6 Bd8 26. Qd2 Ne6 27. Bh7 Rh8 28. Bf5 Bxf6 29. Bxe6 Bxe5+ 30. dxe5 Qxe5+ 31. Bf4 Qxe6 32. Bxb8 1-0


[Site "https://www.chess.com"]

[Event "Titled Tuesday Blitz January 10 Late 2023"]
[White "Gardezi, Arsal"]
[Black "Souleidis, Georgios"]
[WhiteFideId "30949521"]
[BlackFideId "4206827"]
[WhiteElo "2093"]
[BlackElo "2419"]
[Result "1-0"]
[Round "01"]
[TimeControl "180+2"]
[Date "2023.01.10"]
[WhiteClock "0:00:19"]
[BlackClock "0:00:07"]

1. Nf3 Nf6 2. g3 g6 3. Bg2 Bg7 4. O-O O-O 5. d4 d6 6. c4 Nc6 7. Nc3 e5 8. d5 Nb8 9. e4 a5 10. Bg5 h6 11. Be3 Na6 12. a3 Bd7 13. Qc2 Ng4 14. Bd2 f5 15. h3 Nf6 16. Nh4 Qe8 17. exf5 gxf5 18. Nxf5 Bxf5 19. Qxf5 Nc5 20. Qc2 a4 21. Rae1 Nb3 22. Be3 Qd7 23. Kh2 b6 24. f4 exf4 25. Rxf4 Nh5 26. Rh4 Qf7 27. Rf1 Qe8 28. Rxf8+ Bxf8 29. Qe2 Nf6 30. Qf3 Qg6 31. Ne2 Bg7 32. Nf4 Qf5 33. Ne6 Qxf3 34. Bxf3 Re8 35. Bxh6 1-0


[Site "https://www.chess.com"]

[Event "Titled Tuesday Blitz January 10 Late 2023"]
[White "Korchmar, Vasiliy"]
[Black "De Arruda, Leandro Formes"]
[WhiteFideId "24131750"]
[BlackFideId "22722009"]
[WhiteElo "2438"]
[BlackElo "1980"]
[Result "1/2-1/2"]
[Round "01"]
[TimeControl "180+2"]
[Date "2023.01.10"]
[WhiteClock "0:00:07"]
[BlackClock "0:00:07"]

1. e4 e6 2. d4 d5 3. e5 c5 4. c3 Nc6 5. Nf3 Qb6 6. Be2 Bd7 7. O-O cxd4 8. cxd4 Nge7 9. Na3 Nf5 10. Nc2 h5 11. Bd3 g6 12. Rb1 Bh6 13. Bxh6 Rxh6 14. Bxf5 gxf5 15. h4 Ke7 16. b4 Rg8 17. Ng5 a6 18. a4 Na7 19. Ne1 Rc8 20. Qd2 Rg6 21. a5 Qc7 22. Nd3 Qc2 23. Qxc2 Rxc2 24. Nf4 Rh6 25. Rfc1 Rxc1+ 26. Rxc1 Bc6 27. Kf1 Bb5+ 28. Ke1 Bc4 29. Kd2 Nb5 30. Ke3 Rh8 31. Nf3 Rg8 32. Nd2 Na3 33. Rc3 Nb5 34. Rc1 Na3 35. g3 Rh8 36. Rc3 Nb5 37. Rc1 Na3 38. Nd3 Rb8 39. Nc5 b6 40. Nd3 bxa5 41. bxa5 Nb5 42. Nxc4 dxc4 43. Rxc4 Rd8 44. Nf4 f6 45. exf6+ Kxf6 46. Nxh5+ Kg6 47. Nf4+ Kf6 48. Rc6 Nxd4 49. Rxa6 Ke5 50. Nd3+ Kf6 51. Nf4 Nc2+ 52. Ke2 Nd4+ 53. Ke3 1/2-1/2


[Site "https://www.chess.com"]

[Event "Titled Tuesday Blitz January 10 Late 2023"]
[White "Ratnesan, Ranesh"]
[Black "Czernek, Tymon"]
[WhiteFideId "439339"]
[BlackFideId "1199510"]
[WhiteElo "2260"]
[BlackElo "2314"]
[Result "0-1"]
[Round "01"]
[TimeControl "180+2"]
[Date "2023.01.10"]
[WhiteClock "0:01:36"]
[BlackClock "0:02:00"]

1. d4 d5 2. c4 e6 3. Nc3 Nf6 4. Nf3 Bb4 5. Qa4+ Nc6 6. e3 O-O 7. Bd2 dxc4 8. Bxc4 Bd6 9. O-O e5 10. d5 Ne7 11. e4 a6 12. Qc2 b5 13. Bd3 Bg4 14. Ne1 h6 15. a4 b4 16. Ne2 Nxe4 17. Be3 Nf6 18. f3 0-1


[Site "https://www.chess.com"]

[Event "Titled Tuesday Blitz January 10 Late 2023"]
[White "Averjanov, Alexey"]
[Black "De Souza, Cristiano Gomes"]
[WhiteFideId "14109867"]
[BlackFideId "2151758"]
[WhiteElo "2399"]
[BlackElo "2018"]
[Result "1-0"]
[Round "01"]
[TimeControl "180+2"]
[Date "2023.01.10"]
[WhiteClock "0:02:43"]
[BlackClock "0:02:14"]

1. d4 Nf6 2. c4 g6 3. Nc3 Bg7 4. e4 d6 5. Be2 O-O 6. Nf3 e5 7. O-O Nc6 8. d5 Ne7 9. Ne1 Ne8 10. Be3 f5 11. f3 f4 12. Bf2 h5 13. c5 Rf7 14. a4 Bf8 15. a5 a6 16. cxd6 Nxd6 17. Nd3 Bg7 18. Nc5 Kh7 19. Ne6 Bxe6 20. dxe6 Rf8 21. Qb3 Qc8 22. Rac1 c6 23. Na4 Qc7 24. Rfd1 Nec8 25. Nb6 Re8 26. Nxa8 1-0


[Site "https://www.chess.com"]

[Event "Titled Tuesday Blitz January 10 Late 2023"]
[White "Dylag, Emilia"]
[Black "Aldokhin, Ivan"]
[WhiteFideId "21805172"]
[BlackFideId "24115720"]
[WhiteElo "2095"]
[BlackElo "2413"]
[Result "1-0"]
[Round "01"]
[TimeControl "180+2"]
[Date "2023.01.10"]
[WhiteClock "0:00:07"]
[BlackClock "0:00:02"]

1. d4 Nf6 2. c4 g6 3. g3 Bg7 4. Bg2 O-O 5. Nf3 d6 6. O-O Nc6 7. Nc3 Bf5 8. d5 Na5 9. Nd2 c5 10. e4 Bd7 11. Qc2 e6 12. dxe6 Bxe6 13. b3 Nc6 14. Bb2 Nd4 15. Qd3 a6 16. Ne2 Nxe2+ 17. Qxe2 Qe7 18. h3 Rab8 19. e5 dxe5 20. Bxe5 Rbd8 21. Rfe1 Bf5 22. g4 Be6 23. Nf3 Rfe8 24. Ng5 Bc8 25. Qf3 Qxe5 26. Rxe5 Rxe5 27. Qf4 Re7 28. Nf3 Rde8 29. Rd1 h5 30. g5 Ne4 31. Rd5 Nc3 32. Qd2 Nxd5 33. cxd5 Re2 34. Qc1 b6 35. Qf4 Bf5 36. Qc7 Rxa2 37. d6 Ra1+ 38. Bf1 Rd1 39. Qxb6 Rf8 40. Qxc5 Be4 41. Ne5 Bc2 42. Qxc2 Rxd6 43. Nc4 Rd5 44. Qe4 Rd4 45. Qb7 Rfd8 46. Qxa6 R4d5 47. b4 Rxg5+ 48. Kh1 Rd1 49. Ne3 Re1 50. b5 Re5 51. b6 Rb1 52. b7 Re8 53. Kg2 Bd4 54. Bb5 Rf8 55. Bc6 Be5 56. Qa7 Bc7 57. Qc5 Bb8 58. Nd5 Rb2 59. Ne7+ Kg7 60. Qd4+ Kh6 61. Qxb2 Rd8 62. Qf6 Rd6 63. Nf5+ Kh7 64. Qg7# 1-0


[Site "https://www.chess.com"]

[Event "Titled Tuesday Blitz January 10 Late 2023"]
[White "Bjelobrk, Igor"]
[Black "Thiel, Thomas"]
[WhiteFideId "4300726"]
[BlackFideId "4615964"]
[WhiteElo "2403"]
[BlackElo "2234"]
[Result "1-0"]
[Round "01"]
[TimeControl "180+2"]
[Date "2023.01.10"]
[WhiteClock "0:00:51"]
[BlackClock "0:00:35"]

1. Nf3 Nf6 2. g3 g6 3. Bg2 Bg7 4. O-O d5 5. d4 O-O 6. c4 dxc4 7. Na3 Nc6 8. Nxc4 Be6 9. b3 a5 10. a4 Bd5 11. Bb2 Re8 12. Rc1 Nb4 13. e3 Na2 14. Ra1 Nb4 15. Qe2 Be4 16. Ne1 Bxg2 17. Nxg2 c6 18. Rfd1 Nd7 19. Nf4 Nb6 20. Nd3 N6d5 21. Nc5 b6 22. Ne4 Qc7 23. Ned2 e6 24. Nf3 Ne7 25. Rdc1 Qb7 26. Nd6 Qd7 27. Nxe8 Rxe8 28. Ne5 Qb7 29. Nd3 Ned5 30. Nxb4 Nxb4 31. Ba3 Bf8 32. Bxb4 Bxb4 33. Ra2 Rd8 34. Rac2 c5 35. dxc5 bxc5 36. Rd1 Rd5 37. Rxd5 exd5 38. Rc1 d4 39. exd4 cxd4 40. Qe8+ Kg7 41. Qe5+ Kh6 42. Qxd4 f5 43. Qf4+ 1-0


[Site "https://www.chess.com"]

[Event "Titled Tuesday Blitz January 10 Late 2023"]
[White "Tyagi, Kushan"]
[Black "Milosevic, Milos"]
[WhiteFideId "2040069"]
[BlackFideId "964875"]
[WhiteElo "2060"]
[BlackElo "2420"]
[Result "0-1"]
[Round "01"]
[TimeControl "180+2"]
[Date "2023.01.10"]
[WhiteClock "0:00:57"]
[BlackClock "0:01:45"]

1. d4 Nc6 2. d5 Ne5 3. e4 e6 4. dxe6 fxe6 5. Nc3 Nf6 6. h3 Bb4 7. Bd3 O-O 8. f4 Nxd3+ 9. cxd3 d5 10. e5 d4 11. exf6 dxc3 12. Kf1 Qxf6 13. Qb3 cxb2 14. Bxb2 Qxf4+ 15. Nf3 Bc5 16. Re1 Bb6 17. Re4 Qf5 18. Rg4 Rf7 19. Qc3 e5 20. Ke2 Bd7 21. Re4 Bc6 0-1


[Site "https://www.chess.com"]

[Event "Titled Tuesday Blitz January 10 Late 2023"]
[White "Sebag, Marie"]
[Black "Zampronha, Wladimir Camilo"]
[WhiteFideId "617822"]
[BlackFideId "2103087"]
[WhiteElo "2430"]
[BlackElo "2176"]
[Result "0-1"]
[Round "01"]
[TimeControl "180+2"]
[Date "2023.01.10"]
[WhiteClock "0:00:16"]
[BlackClock "0:00:13"]

1. c4 Nf6 2. Nc3 e6 3. g3 d5 4. d4 Be7 5. Bg2 O-O 6. Nf3 dxc4 7. O-O a6 8. a4 c5 9. dxc5 Bxc5 10. Ne5 Qe7 11. Nxc4 Rd8 12. Qc2 Nc6 13. e3 Nb4 14. Qb3 Rb8 15. e4 Nc6 16. e5 Nd5 17. Nxd5 exd5 18. Ne3 Nd4 19. Qd1 Be6 20. Bd2 b5 21. axb5 axb5 22. Rc1 b4 23. Kh1 b3 24. f4 g6 25. Bc3 Nf5 26. Ng4 d4 27. Nf6+ Kh8 28. Ba5 Rdc8 29. Qg4 Ne3 30. Qh4 h5 31. g4 Bxg4 32. h3 Bf5 33. Qg5 Qf8 34. Bf3 Nxf1 35. Rxf1 Be7 36. Bxh5 Bxf6 37. exf6 Kh7 38. Bg4 Qh6 39. Bxf5 Qxg5 40. fxg5 gxf5 41. Kg2 Kg6 42. h4 Rc2+ 43. Kg3 Rxb2 44. Rh1 Kh5 45. Rf1 Ra2 46. Bc7 b2 47. Bxb8 Ra1 0-1


[Site "https://www.chess.com"]